 Dungeon Crawl Stone Soup version 0.30.0-5-g1a98f26d00 (webtiles) character file.

Game seed: 10650670953102749812

613 Woods the Magician (level 7, 0/45 HPs)
             Began as a Djinni Air Elementalist on May 11, 2023.
             Slain by Pikel
             ... wielding a +0 whip of freezing
              (3 damage)
             ... on level 5 of the Dungeon.
             The game lasted 00:08:23 (6105 turns).

Woods the Magician (Djinni Air Elementalist)        Turns: 6105, Time: 00:08:24

Health: 0/45       AC:  6    Str:  7    XL:     7   Next: 72%
Gold:   121        EV: 14    Int: 18    God:
                   SH:  0    Dex: 14

rFire   + + .        y - +0 mace (protect)
rCold   x . .        (no shield)
rNeg    . . .        a - +0 robe
rPois   ∞            z - +2 helmet
rElec   .            m - +0 cloak
rCorr   .            (no gloves)
SInv    .            (boots unavailable)
Will    .....        (no amulet)
Stlth   ++           (no ring)
HPRegen 0.27/turn    (no ring)
MPRegen 0.00/turn

%: infuse magic (-1 HP)
@: flying, very slightly contaminated
A: sickness immunity, fire resistance 2, cold vulnerability 1, float, innate
caster, HP casting, extra vitality 1
a: no special abilities


You were on level 5 of the Dungeon.
You visited 1 branch of the dungeon, and saw 5 of its levels.

You collected 406 gold pieces.
You spent 285 gold pieces at shops.

Inventory:

Hand Weapons
 y - a +0 mace of protection (weapon)
Armour
 a - a +0 robe (worn)
 l - the +2 leather armour of the Known World {Str-2 Int+4 SInv}
   (You found it on level 3 of the Dungeon)

   Str:       It affects your strength (-2).
   Int:       It affects your intelligence (+4).
   SInv:      It lets you see invisible.
 m - a +0 cloak (worn)
 z - a +2 helmet (worn)
Jewellery
 A - a ring of fire
Wands
 k - a wand of flame (16)
 n - a wand of paralysis (8)
 v - a wand of polymorph (5)
Scrolls
 b - 3 scrolls of enchant armour {unknown}
 c - 3 scrolls of blinking
 e - 4 scrolls of identify
 g - 3 scrolls of teleportation
 j - a scroll of torment {unknown}
 p - a scroll of enchant weapon {unknown}
 q - a scroll of amnesia {unknown}
 r - a scroll of summoning {unknown}
 s - a scroll of fear
 t - a scroll of silence
 u - a scroll of poison
 x - a scroll of immolation {unknown}
Potions
 d - a potion of invisibility {unknown}
 f - a potion of haste {unknown}
 h - 3 potions of curing
 i - 5 potions of mutation
 o - 2 potions of heal wounds
 w - a potion of resistance {unknown}


   Skills:
 + Level 0.0 Fighting
 + Level 4.7 Dodging
 + Level 3.8 Stealth
 * Level 4.8 Spellcasting


You knew the following spells:

 Your Spells              Type           Power      Damage    Failure   Level
a - Shock                 Conj/Air       84%        1d8       1%          1
b - Static Discharge      Conj/Air       42%        2-4/arc   2%          2
c - Swiftness             Air            21%        N/A       5%          3
d - Airstrike             Air            10%        2d(2-18)  19%         4
e - Magic Dart            Conj           84%        1d7       1%          1
f - Blink                 Tloc           42%        N/A       2%          2
g - Momentum Strike       Conj/Tloc      42%        3d9       2%          2
Your spell library was empty.

Dungeon Overview and Level Annotations

Branches:
Dungeon (5/15)
 Temple: D:4-7

Altars:
Hepliaklqana
Uskayaw
Xom
The Shining One

Shops:
D:2 (

Annotations:
D:5 Pikel


Innate Abilities, Weirdness & Mutations

You are immune to sickness and miasma.
You are immune to poison.
Your flesh is very heat resistant. (rF++)
You are vulnerable to cold. (rC-)
You float through the air rather than walking.
You learn spells naturally, not from books.
Your magical power is your life essence.
You have superior vitality. (+4 MHP)


Message History

Pikel is moderately wounded.
The lemure is struck by an arc of lightning.
The lemure is heavily wounded.
You are struck by an arc of lightning.
The lightning grounds out.
Pikel barely misses you. The lemure misses you.
Casting: Static Discharge (safe; 2% risk of failure)
Confirm with . or Enter, or press ? or * to list all spells.
The lemure is struck by an arc of lightning.
The lemure is severely wounded.
The lemure is struck by an arc of lightning.
The lemure is moderately wounded.
The lightning grounds out.
Pikel hits you but does no damage. The lemure barely misses you.
Casting: Static Discharge (safe; 2% risk of failure)
Confirm with . or Enter, or press ? or * to list all spells.
Pikel is struck by an arc of lightning.
Pikel is heavily wounded.
You are struck by an arc of lightning.
The lemure is struck by an arc of lightning.
The lemure is moderately wounded.
The lightning grounds out.
The lemure is struck by an arc of lightning.
The lemure is heavily wounded.
Pikel is struck by an arc of lightning.
Pikel is heavily wounded.
The lightning grounds out.
Pikel hits you with a +0 whip of freezing!
Pikel freezes you.
* * * LOW HITPOINT WARNING * * *
The lemure hits you but does no damage. The lemure barely misses you.
Casting: Static Discharge (safe; 2% risk of failure)
Confirm with . or Enter, or press ? or * to list all spells.
You miscast Swiftness.
You are very lightly contaminated with residual magic.
Nothing appears to happen.
* * * LOW HITPOINT WARNING * * *
Pikel hits you with a +0 whip of freezing.
* * * LOW HITPOINT WARNING * * *
Pikel freezes you.
You die...

#..........###...##
#.#[......# #......#####
##+## #.###.#.### #.....##
#.# #.......# #.....# #.#
#####.### ###5### ##.##
#.# #.# ##...## #.# #.#
##### #.....# #.# #.#
#...# #5K5# #.#
#5###...#####@##########.#
#........................#
##########################


You could see Pikel and 2 lemures.

Vanquished Creatures
  A wyvern (D:4)
  An ice beast (D:5)
  A scorpion (D:5)
  A gnoll bouda (D:4)
  An orc priest (D:5)
  2 iguanas (D:5)
  4 gnolls (D:4)
  9 adders
  2 worms (D:3)
  2 dart slugs (D:3)
  8 orcs
  3 ball pythons
  7 bats
  7 endoplasms
  3 giant cockroaches
  8 goblins
  4 hobgoblins
  6 quokkas
  2 frilled lizards
  3 kobolds
  13 rats
88 creatures vanquished.

Notes
Turn   | Place    | Note
-------+----------+-------------------------------------------
     0 | D:1      | Woods the Djinni Air Elementalist began the quest for the
                  | Orb.
     0 | D:1      | Woods set off with the following spells memorised: Shock,
                  | Static Discharge, Swiftness, Airstrike.
     0 | D:1      | Reached XP level 1. HP: 15/15 MP: 0/0
     4 | D:1      | Found Riomoleosch's Magic Scroll Shoppe.
   182 | D:1      | Reached XP level 2. HP: 16/21 MP: 0/0
   441 | D:1      | Reached XP level 3. HP: 21/25 MP: 0/0
   441 | D:1      | Learned a level 1 spell: Magic Dart
   885 | D:1      | Bought a scroll of teleportation for 30 gold pieces
   885 | D:1      | Bought a scroll of identify for 20 gold pieces
  1604 | D:2      | Found a hazy altar of Hepliaklqana.
  1690 | D:2      | Found Yvoseih's Weapon Shoppe.
  1761 | D:2      | Reached XP level 4. HP: 17/31 MP: 0/0
  2259 | D:3      | Reached XP level 5. HP: 26/35 MP: 0/0
  2259 | D:3      | Learned a level 2 spell: Blink
  2306 | D:3      | Identified the +2 leather armour of the Known World {Str-2
                  | Int+4 SInv}
  2590 | D:3      | Identified the +5 ring mail of the Blue Moon {rF+}
  2892 | D:3      | Found a faded altar of an unknown god.
  2936 | D:3      | Found a shimmering altar of Xom.
  3554 | D:4      | Noticed a wyvern
  3569 | D:4      | Killed a wyvern
  3570 | D:4      | Reached XP level 6. HP: 10/40 MP: 0/0
  4156 | D:1      | Bought a scroll of identify for 20 gold pieces
  4156 | D:1      | Bought a scroll of fear for 40 gold pieces
  4156 | D:1      | Bought a scroll of silence for 95 gold pieces
  4156 | D:1      | Bought a scroll of identify for 20 gold pieces
  4156 | D:1      | Bought a scroll of poison for 40 gold pieces
  4156 | D:1      | Bought a scroll of identify for 20 gold pieces
  4981 | D:5      | Entered Level 5 of the Dungeon
  4994 | D:5      | Reached XP level 7. HP: 39/45 MP: 0/0
  4994 | D:5      | Learned a level 2 spell: Momentum Strike
  5904 | D:5      | Found a hide-covered altar of Uskayaw.
  5914 | D:5      | Found a glowing golden altar of the Shining One.
  6100 | D:5      | Noticed Pikel
  6105 | D:5      | Slain by Pikel

Illustrated notes

Levels and vault maps discovered:
D:1:      dpeg_arrival_windows_large_door, layout_rooms, serial_shops,
          nicolae_shop_stone, nicolae_concentric_dashed_squares_mild,
          wander_ebering_terrifying_dragon_lair
D:2:      layout_loops_cross, basic_altar, serial_shops, shop,
          chequers_serial_rivers_small_a, kennysheep_potato
D:3:      minmay_thinvault, layout_loops_ring, amcnicky_altar_gilded,
          hellmonk_ecumenical_altar_heavens_door, minmay_mini_jars
D:4:      layout_rooms, serial_co_window_serial, co_window_paths_b,
          co_window_paths_b, co_window_paths_a, co_window_paths_a,
          co_window_paths_b, co_window_corner_b, co_window_corner_cb,
          co_window_of_opportunity_b, co_window_2corner, glass_columns_a
D:5:      layout_loops_corners, amethyst_overflow_temple_binary,
          grunt_ministairs_13, uniq_pikel

Skill      XL: |  1  2  3  4  5 |
---------------+----------------+-----
Stealth        | 2 3 |  3.8
Dodging        | 3 4 |  4.7
Spellcasting   | 3 4 |  4.8

Action                     |  1- 3 |  4- 6 |  7- 9 || total
---------------------------+-------+-------+-------++-------
  Melee: Unarmed           |       |     2 |       ||     2
   Cast: Shock             |    60 |    56 |    20 ||   136
         Static Discharge  |     4 |    26 |    16 ||    46
         Airstrike         |       |     1 |     1 ||     2
    Use: Scroll            |       |     4 |       ||     4
 Armour: Robe              |     3 |     7 |     2 ||    12
  Dodge: Dodged            |    14 |    16 |    12 ||    42
